 Dungeon Crawl Stone Soup version 0.19.1-1-g22dce08 (webtiles) character file.

128 ImaNewbie the Firebug (level 4, -2/24 HPs)
             Began as a Deep Elf Fire Elementalist on Jan 3, 2017.
             Was an Initiate of Vehumet.
             Slain by an orc wizard
             ... wielding a +0 dagger
              (5 damage)
             ... on level 3 of the Dungeon.
             The game lasted 00:06:46 (2324 turns).

ImaNewbie the Firebug (Deep Elf Fire Elementalist)  Turns: 2324, Time: 00:06:47

Health: -2/24      AC:  2    Str:  5    XL:     4   Next: 87%
Magic:  9/10       EV: 13    Int: 21    God:    Vehumet [......]
Gold:   186        SH:  0    Dex: 15    Spells: 3 memorised, 1 level left

rFire  + . .     SeeInvis .     n - +3 rapier
rCold  x . .     Gourm    .     a - +0 robe
rNeg   . . .     Faith    .     (no shield)
rPois  .         Spirit   .     (no helmet)
rElec  .         Reflect  .     (no cloak)
rCorr  .         Harm     .     (no gloves)
MR     .....                    (no boots)
Stlth  ++........               (no amulet)
                                (no ring)
                                j - ring of fire

@: no status effects
A: no striking features
a: Renounce Religion


You were on level 3 of the Dungeon.
You worshipped Vehumet.
Vehumet was noncommittal.
You were not hungry.

You visited 1 branch of the dungeon, and saw 4 of its levels.

You collected 186 gold pieces.

Inventory:

Hand Weapons
 g - a +0 whip
 n - a +3 rapier (weapon)
Armour
 a - a +0 robe (worn)
 o - a +0 buckler
Jewellery
 j - a ring of fire (left hand)
Wands
 k - a wand of flame (34/48)
 l - a wand of flame (14/48)
Scrolls
 s - a scroll of noise {unknown}
Potions
 f - 2 potions of agility
 h - 4 potions of heal wounds
 i - 2 potions of magic {unknown}
 m - a potion of degeneration {unknown}
 p - 2 potions of flight
 q - a potion of lignification
Books
 b - a book of Flames

   Spells                             Type                      Level
   a - Flame Tongue                   Conjuration/Fire             1
   b - Throw Flame                    Conjuration/Fire             2
   c - Conjure Flame                  Conjuration/Fire             3
   d - Inner Flame                    Hexes/Fire                   3
   e - Sticky Flame                   Conjuration/Fire             4
   f - Fireball                       Conjuration/Fire             5
Comestibles
 c - 6 bread rations
 d - 2 chunks of flesh
 e - 3 meat rations


   Skills:
 - Level 2.4 Dodging
 - Level 2.4 Stealth
 - Level 3.0 Spellcasting
 + Level 3.4 Conjurations
 - Level 5.2 Fire Magic


You had one spell level left.
You knew the following spells:

 Your Spells              Type           Power        Failure   Level  Hunger
a - Flame Tongue          Conj/Fire      ####.        1%          1    None
b - Conjure Flame         Conj/Fire      ####....     10%         3    ###....
c - Sticky Flame          Conj/Fire      ####....     24%         4    ####...


Dungeon Overview and Level Annotations

Branches:
Dungeon (4/15)
 Temple: D:4-7

Altars:
Cheibriados
Makhleb
Nemelex Xobeh
Vehumet
Xom
The Shining One

Annotations:
D:3 hydrated12's ghost, amateur GrFi


Message History

You kill the orc!
Vehumet accepts your kill.
Hydrated12's ghost turns its malevolent gaze towards you.
Some of the chunks of flesh in your inventory have rotted away.
An orc priest comes into view. It is wielding a club.
An orc priest comes into view. It is wielding a falchion.
The orc wizard shouts!
The orc priest shouts! x2
The orc wizard gestures at you while chanting.
The magic dart hits you!
The orc priest mumbles some strange prayers to Beogh against you.
Beogh smites you!
Ouch! That really hurt!
* * * LOW HITPOINT WARNING * * *
Things that are here:
a flail; 43 stones; a chain mail Unknown command.
As you read the scroll labeled XEFUBECUIJ, it crumbles to dust.
You feel aware of your surroundings.
It was a scroll of magic mapping.
The orc wizard hits you with a dagger.
You die...

#.....#######....)...#.
#.....@...W............
##....o######....###....
##......# ##.#.####...
##.....o.## #..........
#.........# ##.##......
#..o......# #.##....#.
#.........# #.##...#.<
#.........# *.#.......
#.........# *,,.......
#.........# *,,.#...#.
#.........#### ##,*##.###
##............####...#...#.
*#......................_...
#........(.>.....##...#...#.
#.................#.,*##.###
#.................**,,#...#.


You could see 2 orc priests, an orc wizard and hydrated12's ghost.

Vanquished Creatures
  Jessica (D:2)
  A gnoll (D:2)
  3 adders
  A worm (D:3)
  A leopard gecko (D:4)
  3 orcs
  3 giant cockroaches
  7 goblins
  8 hobgoblins
  3 jackals
  4 kobolds
  A quokka (D:2)
  4 ball pythons
  8 bats
  5 frilled lizards
  7 rats
60 creatures vanquished.

Notes
Turn   | Place    | Note
-------+----------+-------------------------------------------
     0 | D:1      | ImaNewbie the Deep Elf Fire Elementalist began the quest for the Orb.
     0 | D:1      | Reached XP level 1. HP: 10/10 MP: 6/6
   177 | D:1      | Reached XP level 2. HP: 15/15 MP: 6/8
   192 | D:1      | Reached skill level 4 in Fire Magic
   784 | D:2      | Reached XP level 3. HP: 19/19 MP: 5/9
   834 | D:2      | Noticed Jessica
   836 | D:2      | Killed Jessica
   836 | D:2      | Reached skill level 5 in Fire Magic
   991 | D:2      | Reached XP level 4. HP: 24/24 MP: 4/10
  1078 | D:2      | Found a shimmering altar of Xom.
  1127 | D:2      | Found a burning altar of Makhleb.
  1226 | D:2      | Found a snail-covered altar of Cheibriados.
  1255 | D:2      | Found a sparkling altar of Nemelex Xobeh.
  1386 | D:2      | Found a glowing golden altar of the Shining One.
  1696 | D:3      | Noticed hydrated12's ghost (amateur GrFi)
  1703 | D:2      | Learned a level 3 spell: Conjure Flame
  1708 | D:2      | Learned a level 4 spell: Sticky Flame
  1972 | D:3      | Found a radiant altar of Vehumet.
  1976 | D:3      | Became a worshipper of Vehumet
  2044 | D:3      | You fall through a shaft!
  2324 | D:3      | Slain by an orc wizard

Skill      XL: |  1  2  3  4 |
---------------+-------------+-----
Fire Magic     | 4 5 |  5.2
Conjurations   | 3 |  3.4
Dodging        | |  2.4
Stealth        | |  2.4
Spellcasting   | |  3.0

Action                   |  1- 3 |  4- 6 || total
-------------------------+-------+-------++-------
Melee: Whip              |     5 |     5 ||    10
       Rapier            |       |     7 ||     7
 Cast: Flame Tongue      |    43 |    44 ||    87
  Use: Scroll            |       |     5 ||     5
 Stab: Sleeping          |     1 |       ||     1
  Eat: Chunk             |       |     4 ||     4
Armor: Robe              |     5 |     5 ||    10
Dodge: Dodged            |    10 |    13 ||    23
